Construct Weapon Support Center
Selects Airborne Battlegroup
Selects Heavy Machine Gun Paradrop
Heavy Machine Gun Paradrop
Improved M9 Bazooka Rockets
Selects Paratrooper Squad Paradrop
Paratrooper Squad Paradrop
Construct Medical Station
Heavy Machine Gun Paradrop
Selects Smoke Bombing Run
Paratrooper Squad Paradrop
Heavy Machine Gun Paradrop
Selects Anti-tank Gun Team Paradrop
Advanced Air Reconnaissance
Grasshopper High-Altitude Recon Run
Paratrooper Squad Paradrop
Grasshopper High-Altitude Recon Run
Selects Carpet Bombing Run
Paratrooper Squad Paradrop
Grasshopper High-Altitude Recon Run
M4(105) Sherman Bulldozer
Grasshopper High-Altitude Recon Run
M18 Hellcat Tank Destroyer
Grasshopper High-Altitude Recon Run
Grasshopper High-Altitude Recon Run